 Dungeon Crawl Stone Soup version 0.31-a0-472-g43a2ca8e1b (webtiles) character file.

Game seed: 2173579773637084358

542 Ethylacetat the Changeling (level 7, -2/69 HPs)
             Began as an Octopode Shapeshifter on Aug 5, 2023.
             Slain by a phantom (7 damage)
             ... on level 5 of the Dungeon.
             The game lasted 00:09:22 (3463 turns).

Ethylacetat the Changeling (Octopode Shapeshifter)  Turns: 3463, Time: 00:09:22

Health: -2/69      AC:  1    Str: 15      XL:     7   Next: 27%
Magic:  10/10      EV: 13    Int:  8 (10) God:
Gold:   244        SH:  0    Dex: 13 (14) Spells: 10/10 levels left

rFire   . .          .
                       - Unarmed
rCold   . . .        (no shield)
rNeg    . . .        (helmet currently unavailable)
rPois   .            (no amulet)
rElec   .            (no ring)
rCorr   .            (no ring)
SInv    .            (no ring)
Will    .....        (no ring) Stlth
                     (no ring)
HPRegen 0.31/turn    (no ring)
MPRegen 0.12/turn    (no ring)
                     (no ring)

%: no passive effects
@: mighty, berserking, beast-form, very quick
A: beast (slay +3), almost no armour, amphibious, 8 rings, camouflage 1,
gelatinous body 1, (nimble swimmer 1), tentacles
a: Begin Untransformation


You were on level 5 of the Dungeon.
You were a hulking beast.
You visited 1 branch of the dungeon, and saw 5 of its levels.
You also visited: Sewer.

You collected 244 gold pieces.

Inventory:

Talismans
 b - a beast talisman (active)
 i - a dragon-blood talisman
Scrolls
 c - 4 scrolls of identify {unknown}
 d - a scroll of blinking {unknown}
 e - a scroll of fog {unknown}
 f - a scroll of vulnerability {unknown}
 k - 2 scrolls of enchant armour {unknown}
 n - 2 scrolls of immolation {unknown}
 o - 4 scrolls of teleportation {unknown}
 s - a scroll of revelation {unknown}
Potions
 m - a potion of mutation {unknown}
 p - a potion of berserk rage
 r - a potion of brilliance {unknown}
 t - a potion of resistance {unknown}


   Skills:
 + Level 3.5 Fighting
 - Level 2.0 Dodging
 + Level 4.5 Unarmed Combat
 + Level 2.2 Spellcasting
 * Level 5.1 Shapeshifting


You had 10 spell levels left.
You didn't know any spells.
Your spell library contained the following spells:

 Spells                   Type           Power      Damage    Failure   Level
 Lesser Beckoning         Tloc           0%         N/A       47%         2
 Gell's Gravitas          Tloc           0%         N/A       71%         3
 Teleport Other           Tloc           0%         N/A       71%         3


Dungeon Overview and Level Annotations

Branches:
Dungeon (5/15)              Sewer (visited)
 Temple: D:4-7

Altars:
Okawaru
Uskayaw

Shops:
D:2 [(*[=

Annotations:
D:5 Blork the orc, Grinder


Innate Abilities, Weirdness & Mutations

You are a hulking beast.
Your limbs bulge with bestial killing power. (Slay +3)
You cannot wear most types of armour.
You are amphibious.
You can wear up to eight rings at the same time.
Your skin changes colour to match your surroundings (Stealth+).
Your rubbery body absorbs attacks. (AC +1, EV +1)
((You are camouflaged when in or above water. (Stealth+)))
You have tentacles for arms and can constrict up to eight enemies at once.


Message History

Grinder hits you.
You writhe in agony.
The phantom hits you.
The phantom blinks!
You blink.
Grinder gestures at you. Pain shoots through your body!
Blork the orc hits you from afar with a +0 halberd!
* * * LOW HITPOINT WARNING * * *
The phantom hits you.
* * * LOW HITPOINT WARNING * * *
You can move again.
Unknown command.
It was a potion of curing.
You feel better. Grinder barely misses you. The phantom barely misses you.
Blork the orc frowns.
Blork the orc barely misses you.
Blork the orc casts a cantrip, but nothing happens.
Grinder attacks as you move away! Grinder hits you.
* * * LOW HITPOINT WARNING * * *
Okay, then.
You feel very mighty all of a sudden. Grinder gestures at you.
You resist with significant effort.
Blork the orc mumbles some strange words.
Blork the orc seems to speed up.
A red film seems to cover your vision as you go berserk!
You feel yourself moving faster!
You feel mighty! Grinder hits you.
* * * LOW HITPOINT WARNING * * *
You writhe in agony.
* * * LOW HITPOINT WARNING * * *
The phantom hits you.
* * * LOW HITPOINT WARNING * * *
The phantom blinks!
You blink.
You barely miss the phantom. Your squeeze misses the phantom.
Grinder gestures at you. Pain shoots through your body!
* * * LOW HITPOINT WARNING * * *
The phantom barely misses you.
You barely miss the phantom. Your squeeze misses the phantom.
Blork the orc frowns.
The phantom hits you!
You die...

#..#...#
#......#
#.....##
#......#
#ยง5....##
##.###..#
#.o##..##
#..###..####
#.h# #.....##
##W.##......#
#..#......##
#..#......#
#..#.....##
##........#
#..#.....## .#
#..####...#....
#...##.........


You could see Grinder, Blork the orc (fast) and a phantom.

Vanquished Creatures
  A phantom (D:5)
  A howler monkey (D:4)
  2 hounds (D:4)
  2 orc priests (D:3)
  A gnoll bouda (D:4)
  Jessica (D:2)
  An iguana (D:4)
  Robin (D:2)
  4 gnolls (D:4)
  6 adders
  2 river rats (Sewer)
  2 worms (D:3)
  2 dart slugs (D:3)
  5 orcs
  9 ball pythons
  5 endoplasms
  6 giant cockroaches
  13 goblins
  9 hobgoblins
  5 jackals
  7 kobolds
  5 quokkas
  4 bats
  7 frilled lizards
  9 rats
110 creatures vanquished.

Notes
Turn   | Place    | Note
-------+----------+-------------------------------------------
     0 | D:1      | Ethylacetat the Octopode Shapeshifter began the quest for
                  | the Orb.
     0 | D:1      | Reached XP level 1. HP: 13/13 MP: 1/1
   381 | D:1      | Reached XP level 2. HP: 18/18 MP: 2/2
   752 | D:2      | Reached XP level 3. HP: 23/23 MP: 3/3
   763 | D:2      | Found Loujis Lolyk's Armour Shop.
   822 | D:2      | Found Zaosaoc's Weapon Emporium.
   852 | D:2      | Noticed Jessica
   855 | D:2      | Noticed Robin
   869 | D:2      | Killed Jessica
   870 | D:2      | Reached XP level 4. HP: 17/29 MP: 4/4
   880 | D:2      | Killed Robin
  1085 | D:2      | Found Zezoog's Jewellery Shoppe.
  1149 | D:2      | Reached skill level 4 in Shapeshifting
  1193 | D:2      | Found Yduczuli's Antique Armour Emporium.
  1239 | D:2      | Found Xysho's Assorted Antiques.
  1378 | D:3      | Found a hide-covered altar of Uskayaw.
  1408 | D:3      | Found an iron altar of Okawaru.
  1449 | D:3      | Reached XP level 5. HP: 22/35 MP: 5/5
  1467 | D:3      | Found a faded altar of an unknown god.
  1670 | D:3      | Reached skill level 1 in Spellcasting
  1674 | D:3      | Found a glowing drain.
  1680 | Sewer    | Entered a sewer
  2090 | Sewer    | Reached XP level 6. HP: 39/41 MP: 7/7
  2804 | D:4      | Reached XP level 7. HP: 17/46 MP: 8/10
  3159 | D:4      | Reached skill level 5 in Shapeshifting
  3393 | D:5      | Entered Level 5 of the Dungeon
  3449 | D:5      | Noticed Grinder
  3450 | D:5      | Noticed Blork the orc
  3451 | D:5      | Paralysed by Grinder for 5 turns
  3463 | D:5      | Slain by a phantom

Illustrated notes

Levels and vault maps discovered:
D:1:      ncdulo_halloftheorcs, layout_loops_ring, nrook_uturn
D:2:      layout_rooms, serial_shops, nicolae_shop_peninsula,
          nicolae_shop_stone, shop, shop, nicolae_shop_tiny_glass,
          supply_closet_lemuel, uniq_jessica, uniq_robin
D:3:      layout_rooms, mainiacjoe_overflow_paths, okawaru_trees_2,
          gup_sewer_entry_bubbles, hellmonk_ecumenical_altar_pennies_from_heaven
D:4:      layout_gridville, st_stairs_7
D:5:      layout_cave_pods, nicolae_dithmenos_through_a_glass_darkly,
          nzn_hepliaklqana_mist_gate, minmay_temple_entry_arrows,
          kennysheep_generic_room_9, uniq_grinder, uniq_blork_the_orc,
          uniq_crazy_yiuf_cottage, uniq_pikel, uniq_ijyb

Skill      XL: |  1  2  3  4  5  6  7 |
---------------+----------------------+-----
Fighting       | 2 3 |  3.5
Shapeshifting  | 4 5 |  5.1
Spellcasting   | 1 2 |  2.2
Unarmed Combat | 4 |  4.5
Dodging        | |  2.0

Action                     |  1- 3 |  4- 6 |  7- 9 || total
---------------------------+-------+-------+-------++-------
  Melee: Unarmed           |    38 |   144 |    14 ||   196
         Constrict         |    12 |    43 |     2 ||    57
         Tentacles         |     9 |    25 |     2 ||    36
         Punch             |     1 |     3 |     1 ||     5
    Use: Potion            |       |     2 |     8 ||    10
   Stab: Sleeping          |     3 |    13 |       ||    16
 Armour: Skin              |     5 |    27 |     8 ||    40
  Dodge: Dodged            |    26 |    58 |    11 ||    95

Table legend: (Time is in decaauts)
 A = Elapsed time spent in this place.
 B = Non-inter-level travel time spent in this place.
 C = Inter-level travel time spent in this place.
 D = Time resting spent in this place.
 E = Time spent auto-exploring this place.
 F = Levels seen in this place.
 G = Mean time per level.
                   A        B        C        D        E       F      G
               +--------+--------+--------+--------+--------+-----+--------+
         Total |   3460 |   3338 |    122 |    184 |   2373 |   6 |  576.7 |
       Dungeon |   2988 |   2866 |    122 |    112 |   2109 |   5 |  597.6 |
         Sewer |    471 |    471 |      0 |     72 |    264 |   1 |  471.0 |
               +--------+--------+--------+--------+--------+-----+--------+

Top non-repeatable levels by time:
     D:4: 917 daAuts
     D:1: 732 daAuts
     D:3: 641 daAuts
     D:2: 627 daAuts
   Sewer: 471 daAuts
     D:5: 69 daAuts
